 Dungeon Crawl Stone Soup version 0.31.0-12-g77e489cdc1 (webtiles) character file.

Game seed: 13694008896028681427

22920 cdecastro the Basher (level 12, -10/76 HPs)
             Began as an Armataur Warper on Mar 4, 2024.
             Was an Elder of Hepliaklqana.
             Shot with a bolt by a yaktaur (26 damage)
             ... on level 13 of the Dungeon.
             The game lasted 00:36:26 (15105 turns).

cdecastro the Basher (Armataur Warper)             Turns: 15105, Time: 00:36:27

Health: -10/76     AC: 19    Str: 20    XL:     12   Next: 67%
Magic:  0/14       EV:  8    Int: 21    God:    Hepliaklqana [****..]
Gold:   687        SH:  0    Dex: 15    Spells: 2/14 levels left

rFire   . . .        b - +6 orcbow of the Valley {drain, rC+ Dex+5}
rCold   + . .        (shield currently unavailable)
rNeg    . . .        y - +3 scale mail {rPois}
rPois   +            t - +2 helmet
rElec   .            U - +1 cloak
rCorr   .            J - +2 pair of gloves
SInv    .            (no barding)
Will    .....        Y - amulet of guardian spirit Stlth
                     L - +6 ring of intelligence
HPRegen 0.32/turn    q - +4 ring of slaying
MPRegen 0.14/turn

%: guardian spirit, roll
@: no status effects
A: reduced essence, large, deformed body, tough skin 3, armoured tail, roll 2
a: Renounce Religion, Recall Ancestor, Ancestor Identity, Transference, Idealise


You were on level 13 of the Dungeon.
You worshipped Hepliaklqana.
Hepliaklqana was greatly pleased with you.
You visited 2 branches of the dungeon, and saw 14 of its levels.

You collected 687 gold pieces.

Inventory:

Hand Weapons
 a - the +7 quarterstaff of Duty {speed, Str+3}
   (You found it on level 12 of the Dungeon)

   Str+3:     It affects your strength (+3).
 b - the +6 orcbow of the Valley (weapon) {drain, rC+ Dex+5}
   (You found it on level 7 of the Dungeon)

   Dex+5:     It affects your dexterity (+5).
   rC+:       It protects you from cold.
 h - a +0 flail of protection
 x - the +5 war axe "Jellybane" {flame, rPois rN+ Will+}
   (You found it on level 12 of the Dungeon)

   rPois:     It protects you from poison rN+: It protects you from negative
   energy.
   Will+:     It increases your willpower.
 Z - a +0 antimagic orcbow
Missiles
 d - 7 darts of dispersal
 j - 5 atropa-tipped darts
 m - 31 poisoned darts
 r - 5 javelins
 K - 7 boomerangs
Armour
 t - a +2 helmet (worn)
 y - a +3 scale mail of poison resistance (worn)
 B - a +2 ring mail of cold resistance
 J - a +2 pair of gloves (worn)
 U - a +1 cloak (worn)
Jewellery
 f - a ring of willpower
 q - a +4 ring of slaying (right hand)
 s - a +6 ring of dexterity
 A - a ring of ice
 D - a ring of poison resistance
 L - a +6 ring of intelligence (left hand)
 X - a ring of see invisible
 Y - an amulet of guardian spirit (around neck)
Wands
 M - a wand of roots (9)
 O - a wand of polymorph (8)
 Q - a wand of mindburst (9)
 R - a wand of paralysis (1)
Scrolls
 c - 2 scrolls of blinking
 o - 3 scrolls of immolation {unknown}
 u - 2 scrolls of amnesia
 v - 4 scrolls of revelation
 C - 2 scrolls of fog {unknown}
 F - 2 scrolls of enchant armour
 H - a scroll of noise {unknown}
 I - a scroll of enchant weapon {unknown}
 N - 2 scrolls of butterflies {unknown}
 P - a scroll of poison {unknown}
 S - 3 scrolls of teleportation
 T - a scroll of brand weapon {unknown}
 W - 2 scrolls of fear {unknown}
Potions
 e - 3 potions of brilliance
 g - 3 potions of heal wounds
 i - 3 potions of attraction
 k - 5 potions of curing
 l - 2 potions of lignification
 p - a potion of cancellation
 w - a potion of magic
 z - 3 potions of enlightenment
 E - 3 potions of haste
 G - a potion of invisibility
 V - 3 potions of might


   Skills:
 - Level 1.7 Fighting
 - Level 14.0 Maces & Flails
 - Level 7.6 Throwing
 + Level 7.0 Armour
 - Level 1.3 Dodging
 - Level 1.7 Spellcasting
 - Level 12.0 Translocations


You had 2 spell levels left.
You knew the following spells:

 Your Spells              Type           Power      Damage    Failure   Level
a - Blink                 Tloc           100%       N/A       1%          2
b - Lesser Beckoning      Tloc           100%       N/A       1%          2
c - Apportation           Tloc           100%       N/A       1%          1
d - Teleport Other        Tloc           51%        N/A       1%          3
e - Manifold Assault      Tloc           51%        N/A       2%          4

Your spell library contained the following spells:

 Spells                   Type           Power      Damage    Failure   Level
 Freeze                   Ice            4%         1d3       36%         1
 Cigotuvi's Dreadful Rot  Necr/Alch/Air  2%         N/A       50%         2
 Jinxbite                 Hex            2%         N/A       50%         2
 Vhi's Electric Charge    Tloc/Air       54%        N/A       32%         4
 Frozen Ramparts          Ice            2%         1d1       75%         3
 Hailstorm                Conj/Ice       1%         3d5       75%         3
 Summon Ice Beast         Ice/Summ       1%         N/A       75%         3
 Ignite Poison            Fire/Alch      1%         N/A       98%         4
 Alistair's Intoxication  Alch           0%         N/A       100%        5
 Freezing Cloud           Conj/Ice/Air   0%         6-21      100%        5
 Summon Mana Viper        Hex/Summ       1%         N/A       100%        5
 Dragon's Call            Summ           0%         N/A       100%        9


Dungeon Overview and Level Annotations

Branches:
Dungeon (13/15)            Temple (1/1) D:6            Lair (0/5) D:11
    Orc (0/2) D:11
 Vaults: D:13-14

Altars:
Ashenzari
Cheibriados
Dithmenos
Elyvilon
Fedhas
Gozag
Hepliaklqana
Kikubaaqudgha
Makhleb
Nemelex Xobeh
Okawaru
Qazlal
Ru
Sif Muna
Trog
Uskayaw
Vehumet
Wu Jian
Xom
Yredelemnul
Zin
The Shining One

Shops:
D:7 (   D:9 =

Annotations:
D:4 3 runed translucent doors, Zeo's ghost, amateur KoBr; Zeo's ghost, novice KoBr
D:11 3 runed translucent doors, rozman's ghost, journeyman MfSh


Innate Abilities, Weirdness & Mutations

Your life essence is reduced to manifest your ancestor. (-10% HP)
Armour fits poorly on your strangely shaped body.
You have extremely tough skin. (AC +3)
You have a long armoured tail.
You regenerate magic and health when rolling toward enemies. (Rampage Regen)


Message History

The yaktaur shoots a bolt.
The bolt hits you.
The yaktaur shoots a bolt.
The bolt hits you!!
The orc knight roars a battlecry!
The orc warrior goes into a battle-frenzy!
The yaktaur shoots a bolt.
The bolt hits you but does no damage.
Fikile is recalled.
The yaktaur shoots a bolt.
The bolt barely misses Fikile.
The bolt hits you.
The orc warrior shoots an arrow.
The arrow hits Fikile!
You see here the +2 spear "Bulaez" {flame, rN+ Dex+6}.
There is a stone staircase leading down here.
There is a stone staircase leading up here.
Fikile is recalled.
You are too injured to fight recklessly!
You are too injured to fight recklessly!
Fire: b) +6 orcbow of the Valley {drain, rC+ Dex+5}
Press: ? - help, Q - select action, (/) - cycle Shift-Dir - straight line, f - yaktaur
Aim: a yaktaur, wielding a +0 arbalest (84% to hit)
You shoot an arrow. The arrow hits the yaktaur.
The yaktaur is lightly wounded.
Unknown command.
Fire: b) +6 orcbow of the Valley {drain, rC+ Dex+5}
Press: ? - help, Q - select action, (/) - cycle Shift-Dir - straight line, f/p - yaktaur
Aim: a yaktaur, wielding a +0 arbalest (lightly wounded, ally target, 84% to hit)
You shoot an arrow. The arrow hits the yaktaur!
The yaktaur is moderately wounded.
The yaktaur shoots a bolt.
The bolt hits you!
The yaktaur shoots a bolt.
The bolt hits you!
* * * LOW HITPOINT WARNING * * *
Unknown command.
Fire: b) +6 orcbow of the Valley {drain, rC+ Dex+5}
Press: ? - help, Q - select action, (/) - cycle Shift-Dir - straight line, f/p - yaktaur
Aim: a yaktaur, wielding a +0 arbalest (moderately wounded, ally target, 84% to hit)
You shoot an arrow. The arrow hits the yaktaur!
The yaktaur is severely wounded.
Fikile hits the yaktaur with a +0 flail!
The yaktaur shoots a bolt.
The bolt hits you!
* * * LOW HITPOINT WARNING * * *
The orc knight roars a battlecry!
The yaktaur shoots a bolt.
The bolt hits you!!
You die...

###.#####.#######.#####.######.#
#..........................#.##
##[###...############.####.#..^
#[#...#.........# #.# #.....
##)#.#...#######.# #.# #.....
#.......## #.# #.# #.####
#......## #.# #.####.#
#..#.#.#########.# #...##.# ##
#..........##.@..# ###.##.# #.
#..#.#.###.##....## #.##.# #.
#....(.###........#####.##.# #.
#.##.####...............##.# #.
#.##.###.......R..#####.##.###.
#.##............c######........
###.######...##...#o....).###.##.
...#.# ##.#####)#.#####c# #.##.
.##R## #.# #.#.# #.# #.#..


You could see the friendly Fikile the knight, an orc knight and a yaktaur (ally
target).

Vanquished Creatures
  Jorgrun (D:13)
  2 vault guards (D:13)
  A boulder beetle (D:13)
  A two-headed ogre (D:9)
  A tengu warrior (D:12)
  Pikel (D:8)
  2 ugly things (D:13)
  2 cyclopes
  2 gargoyles
  A kobold demonologist (D:12)
  An unseen horror (D:11)
  Jeremiah (D:8)
  Psyche (D:8)
  A tengu conjurer (D:13)
  A troll (D:9)
  Prince Ribbit (D:5)
  A hornet (D:9)
  A slime creature (D:12)
  2 wraiths
  A wyvern (D:10)
  13 yaks
  A human (D:13)
  Eustachio (D:5)
  A steam dragon (D:6)
  4 vampire mosquitoes (D:12)
  2 water moccasins
  7 orc warriors
  Duvessa (D:5)
  A swamp drake (D:11)
  4 black bears
  An ice beast (D:7)
  4 wolves (D:11)
  8 centaurs
  A lemure (D:7)
  A phantom (D:5)
  2 bullfrogs
  3 scorpions
  3 wights (D:7)
  Dowan (D:5)
  9 killer bees
  3 hounds
  2 jellies
  2 bombardier beetles (D:6)
  4 gnoll boudas
  11 orc priests
  A sleepcap (D:6)
  An iguana (D:7)
  Natasha (twice) (D:4)
  12 orc wizards
  Terence (D:2)
  Robin (D:2)
  18 gnolls
  7 adders
  2 shadow imps (D:6)
  2 white imps (D:6)
  2 dart slugs
  2 ribbon worms
  53 orcs
  6 endoplasms
  3 giant cockroaches
  13 goblins
  7 hobgoblins
  9 jackals
  6 kobolds
  4 quokkas
  4 ball pythons (D:1)
  4 bats
  A frilled lizard (D:3)
  2 rats (D:1)
278 creatures vanquished.

Vanquished Creatures (collateral kills)
  Gastronok (D:11)
  A deep elf knight (D:13)
  A harpy (shapeshifter) (D:13)
  A gargoyle (D:13)
  A kobold demonologist (D:11)
  A komodo dragon (D:11)
  A slime creature (D:12)
  A wyvern (D:8)
  2 shadows (D:12)
  A wraith (D:11)
  5 yaks
  Grum (D:11)
  2 vampire mosquitoes (D:10)
  A basilisk (D:11)
  A steam dragon (D:6)
  A sky beast (D:7)
  A black bear (D:6)
  2 wolves (D:11)
  2 centaurs
  A lemure (D:8)
  A kobold brigand (D:9)
  A killer bee (D:11)
  A bombardier beetle (D:6)
  A gnoll bouda (D:7)
  3 orc priests
  3 orc wizards
  2 gnolls
  8 orcs
  A kobold (D:9)
49 creatures vanquished.

Vanquished Creatures (others)
  An orc warrior (D:10)
  An orc wizard (D:10)
  7 knights
  2 ancestors
11 creatures vanquished.

Grand Total: 338 creatures vanquished

Notes
Turn   | Place    | Note
-------+----------+-------------------------------------------
     0 | D:1      | cdecastro the Armataur Warper began the quest for the Orb.
     0 | D:1      | Reached XP level 1. HP: 17/17 MP: 3/3
    67 | D:1      | Reached skill level 2 in Maces & Flails
   139 | D:1      | Reached XP level 2. HP: 24/24 MP: 4/4
   710 | D:2      | Reached XP level 3. HP: 27/29 MP: 5/5
   760 | D:2      | Reached skill level 3 in Maces & Flails
   976 | D:2      | Noticed Terence
   976 | D:2      | Noticed Robin
  1079 | D:1      | Learned a level 2 spell: Blink
  1082 | D:1      | Learned a level 2 spell: Lesser Beckoning
  1701 | D:2      | Reached XP level 4. HP: 25/36 MP: 6/6
  2384 | D:3      | Reached skill level 4 in Maces & Flails
  2384 | D:3      | Reached XP level 5. HP: 33/41 MP: 7/7
  2753 | D:3      | Found the +18 Lear's hauberk
  3120 | D:2      | Killed Robin
  3124 | D:2      | Killed Terence
  3169 | D:2      | Learned a level 1 spell: Apportation
  3242 | D:4      | Found a runed translucent gate.
  3242 | D:4      | Found a runed translucent gate.
  3243 | D:4      | Found a runed translucent gate.
  3382 | D:4      | Reached XP level 6. HP: 46/48 MP: 8/8
  3559 | D:3      | Reached skill level 5 in Maces & Flails
  3741 | D:4      | Reached skill level 5 in Translocations
  3981 | D:4      | Noticed Natasha
  3986 | D:4      | Killed Natasha
  4064 | D:4      | Found a hazy altar of Hepliaklqana.
  4230 | D:4      | Noticed Zeo's ghost (novice KoBr)
  4230 | D:4      | Noticed Zeo's ghost (amateur KoBr)
  4279 | D:4      | Became a worshipper of Hepliaklqana the Forgotten
  4307 | D:4      | Noticed Natasha
  4310 | D:4      | Killed Natasha
  4381 | D:5      | Entered Level 5 of the Dungeon
  4425 | D:5      | Noticed Eustachio
  4447 | D:5      | Killed Eustachio
  4448 | D:5      | Reached skill level 6 in Maces & Flails
  4448 | D:5      | Gained mutation: You regenerate magic and health when
                  | rolling toward enemies. (Rampage Regen) [Armataur growth]
  4448 | D:5      | Reached XP level 7. HP: 51/53 MP: 9/9
  4604 | D:5      | Noticed Dowan
  4606 | D:5      | Noticed Duvessa
  4609 | D:5      | Learned a level 3 spell: Teleport Other
  4774 | D:5      | Noticed Prince Ribbit
  4785 | D:5      | Killed Prince Ribbit
  4786 | D:5      | Reached skill level 7 in Maces & Flails
  4786 | D:5      | Reached XP level 8. HP: 36/60 MP: 10/10
  4907 | D:5      | Killed Duvessa
  4999 | D:5      | Killed Dowan
  5098 | D:5      | Reached skill level 8 in Maces & Flails
  5424 | D:6      | Found a staircase to the Ecumenical Temple.
  5494 | Temple   | Entered the Ecumenical Temple
  5655 | D:6      | Reached skill level 9 in Maces & Flails
  5679 | D:6      | Reached XP level 9. HP: 21/67 MP: 11/11
  5927 | D:6      | Reached * piety under Hepliaklqana
  5935 | D:6      | Identified the +1 robe "Ziwopud" {Rampage rN++ Dex-4}
  5978 | D:6      | Found a snail-covered altar of Cheibriados.
  6149 | D:6      | Found a glowing silver altar of Zin.
  6670 | D:7      | Found Ratorhere's Antique Weapon Emporium.
  6804 | D:7      | Reached skill level 10 in Maces & Flails
  7154 | D:7      | Found an iron altar of Okawaru.
  7161 | D:7      | Identified the +6 orcbow of the Valley {drain, rC+ Dex+5}
  7312 | D:8      | Noticed Pikel
  7392 | D:8      | Reached ** piety under Hepliaklqana
  7663 | D:8      | Found an ornate altar of the Wu Jian Council.
  7675 | D:8      | Noticed Jeremiah
  7685 | D:8      | Killed Jeremiah
  7720 | D:8      | Reached XP level 10. HP: 65/65 MP: 12/12
  7891 | D:8      | Found a stormy altar of Qazlal.
  7933 | D:8      | Reached skill level 11 in Maces & Flails
  8060 | D:8      | Killed Pikel
  8102 | D:8      | Noticed Psyche
  8110 | D:8      | Killed Psyche
  8152 | D:8      | Found a radiant altar of Vehumet.
  8152 | D:8      | Found a basalt altar of Yredelemnul.
  8555 | D:9      | Found Tysosh's Jewellery Emporium.
  8764 | D:9      | Reached *** piety under Hepliaklqana
  8850 | D:9      | Reached skill level 12 in Maces & Flails
  8852 | D:9      | Remembered your ancestor Fikile as a knight
  8988 | D:9      | Noticed a two-headed ogre
  8992 | D:9      | Killed a two-headed ogre
  8993 | D:9      | Reached skill level 10 in Translocations
  9049 | D:9      | Found an opulent altar of Gozag.
  9351 | D:10     | Entered Level 10 of the Dungeon
  9886 | D:10     | Reached XP level 11. HP: 71/71 MP: 13/13
 10257 | D:10     | Got the Directory of Illusion
 10722 | D:11     | Reached skill level 13 in Maces & Flails
 10723 | D:11     | Noticed Grum
 10727 | D:11     | Noticed Gastronok
 10729 | D:11     | Killed Grum
 10738 | D:11     | Killed Gastronok
 10859 | D:11     | Reached **** piety under Hepliaklqana
 10937 | D:11     | Found a staircase to the Lair.
 10954 | D:11     | Noticed a sun demon
 11298 | D:11     | Reached skill level 14 in Maces & Flails
 11347 | D:11     | Learned a level 4 spell: Manifold Assault
 11431 | D:11     | Reached skill level 1 in Throwing
 11534 | D:11     | Found a staircase to the Orcish Mines.
 11658 | D:11     | Found a runed translucent gate.
 11659 | D:11     | Found a runed translucent gate.
 11659 | D:11     | Noticed rozman's ghost (journeyman MfSh)
 11660 | D:11     | Found a runed translucent gate.
 12860 | D:12     | Reached XP level 12. HP: 76/76 MP: 14/14
 13001 | D:12     | Identified the +7 quarterstaff of Duty {speed, Str+3}
 13169 | D:12     | Reached skill level 5 in Throwing
 13286 | D:12     | Identified the +5 war axe "Jellybane" {flame, rPois rN+
                  | Will+}
 13461 | D:13     | Noticed a vault guard
 13564 | D:13     | Killed a vault guard
 13581 | D:13     | Noticed a vault guard
 13814 | D:13     | Noticed a boulder beetle
 13827 | D:13     | Killed a boulder beetle
 14101 | D:13     | Noticed a tengu warrior
 14174 | D:12     | Killed a tengu warrior
 14393 | D:13     | Identified the +2 spear "Bulaez" {flame, rN+ Dex+6}
 14631 | D:13     | Killed a vault guard
 14696 | D:13     | Reached skill level 5 in Armour
 14733 | D:13     | Noticed Jorgrun
 14752 | D:13     | Killed Jorgrun
 15105 | D:13     | Shot with a bolt by a yaktaur

Illustrated notes

Levels and vault maps discovered:
D:1:      minmay_arrival_loop, layout_rooms
D:2:      layout_basic, uniq_terence, uniq_robin
D:3:      wad_pebble_path, layout_basic, interstate_on_off
D:4:      layout_loops_cross, nicolae_hepliaklqana_hippocampus,
          gammafunk_ghost_cemetery, uniq_natasha
D:5:      layout_loops_ring, uniq_prince_ribbit1, uniq_eustachio, uniq_duvessa
D:6:      layout_gridville, jmf_multi_god_temple2, minmay_temple_entry_arrows,
          kennysheep_decorative_pillar
D:7:      layout_cave_pools, okawaru_metal_pillars_1_2, serial_shops,
          shop_statue, moated_statue
D:8:      layout_loops_corners, mainiacjoe_overflow_alcove_4,
          gammafunk_temple_overflow_elements, pdpol_wu_jian_five_deadly_venoms,
          uniq_pikel, uniq_jeremiah, uniq_psyche
D:9:      layout_basic, mainiacjoe_overflow_paths,
          chequers_serial_rivers_micro_d, nicolae_take_the_stairs
D:10:     layout_layer_cave
D:11:     layout_small_grid, erik_lair_orcish_takeover, erik_orc_1,
          gammafunk_ghost_spectres, uniq_gastronok, uniq_grum
D:12:     layout_gridville
D:13:     layout_loops_ring, grunt_vaults_entry_fortified, uniq_jorgrun
Temple:   dshaligram_water_room_temple

Skill      XL: |  1  2  3  4  5  6  7  8  9 10 11 12 |
---------------+-------------------------------------+-----
Maces & Flails | 2 3 4 6 7 9 10 12 14 | 14.0
Translocations | 4 5 6 7 8 10 11 12 | 12.0
Throwing       | 4 7 |  7.6
Armour         | 7 |  7.0
Fighting       | |  1.7
Dodging        | |  1.3
Spellcasting   | |  1.7

Action                     |  1- 3 |  4- 6 |  7- 9 | 10-12 || total
---------------------------+-------+-------+-------+-------++-------
  Melee: Mace              |   115 |    74 |       |       ||   189
         Tailslap          |    15 |    25 |    34 |    23 ||    97
         Punch             |     2 |     4 |     5 |     3 ||    14
         Flail             |       |   122 |   257 |    91 ||   470
         Quarterstaff      |       |       |       |    17 ||    17
   Fire: Orcbow            |       |       |    27 |   384 ||   411
  Throw: Dart              |       |       |     1 |       ||     1
   Cast: Manifold Assault  |       |       |       |     1 ||     1
         Teleport Other    |       |       |       |     1 ||     1
 Invoke: Recall Ancestor   |       |       |     3 |    12 ||    15
         Ancestor Life: Kn |       |       |       |     1 ||     1
  Evoke: Wand              |       |       |       |     1 ||     1
    Use: Scroll            |       |       |       |    15 ||    15
         Potion            |       |       |       |     1 ||     1
   Stab: Invisible         |       |       |     1 |       ||     1
         Distracted        |       |       |     2 |     1 ||     3
 Armour: Leather armour    |    46 |       |       |       ||    46
         Ring mail         |    51 |    72 |       |       ||   123
         Scale mail        |       |    85 |   286 |   305 ||   676
  Dodge: Dodged            |    58 |    85 |    95 |   101 ||   339
